AoeStats
← DK_Vamos Jefe de Equipo

Arabia

510325814Analyzed
1v1 RM · 16h ago on Sep 30, 2026· 57m 23s· 2 players
Game mode
Random Map
Map size
Tiny (2 player)
Population
200
Speed
Normal
Resources
Standard
Victory
Conquest
Starting age
Dark Age
Ending age
Imperial Age
RankedLock teamsTeams togetherTeam positionsShared explorationLock speedFull tech treeHidden civsTurbo modeCheats
Victory
Defeat
🇪🇸 Inca · Spain
1293
+14
🇦🇺 Magyars · Australia
1253
-14
DK_Vamos Jefe de Equipo
9:21 Loom
13:45 Feudal Age
15:45 Wheelbarrow
16:20 Double-Bit Axe
18:46 Castle Age
16:10 Champi Runner
16:53 Horse Collar
18:32 Forging
19:08 Scale Mail Armor
19:01 Champi Warrior
20:05 Squires
28:53 Iron Casting
30:01 Arson
34:38 Chain Mail Armor
35:09 Pikeman
37:14 Town Watch
42:28 Imperial Age
40:49 Fletching
43:32 Ballistics
44:18 Conscription
44:15 Hand Cart
44:35 Capped Ram
47:41 Plate Mail Armor
46:42 Siege Ram
49:01 Blast Furnace
52:02 Gold Mining
52:22 Bow Saw
52:03 Stone Mining
52:01 Elite Kamayuk
52:42 Andean Sling
53:24 Bodkin Arrow
53:29 Padded Archer Armor
54:45 Elite Skirmisher
55:31 Thumb Ring
56:20 Gold Shaft Mining
56:10 Bracer
56:25 Leather Archer Armor
Civ_Picker
7:13 Loom
10:51 Feudal Age
11:35 Double-Bit Axe
18:29 Horse Collar
22:03 Castle Age
20:45 Bloodlines
22:25 Scale Barding Armor
22:07 Light Cavalry
31:22 Chain Barding Armor
37:12 Husbandry
40:44 Wheelbarrow
40:30 Bow Saw
40:12 Gold Mining
42:23 Fletching
42:33 Padded Archer Armor
43:41 Wheelbarrow
43:15 Town Watch
43:48 Bodkin Arrow
44:40 Leather Archer Armor
48:49 Imperial Age
48:28 Ballistics
50:55 Thumb Ring
52:08 Bracer
53:41 Parthian Tactics
Connection lost

Rejoining the realm…

Still unreachable

The connection could not be restored.

Session expired

The server has moved on; the page needs a fresh start.